MWL
WISCONSIN RAPIDS TIMBER RATTLERS @ CEDAR RAPIDS CARDINALS
08/04/1982
 
TOP OF THE 1ST
Wisconsin Rapids Timber Rattlers batting - Pitching for Cedar Rapids Cardinals : RHP Craig Chamberlain
Pitching: RHP Craig Chamberlain
Batting: RHB Tim Pyznarski 0-0: Reached on error, E6 (Groundball, 6, EV 103.1 MPH)
Batting: RHB Jim Presley 0-0: Fielders Choice at 2nd, 6-4 (Groundball, 6, EV 93.8 MPH)
Batting: LHB Dion James 0-0: Foul Ball, location: 2F
0-1: Foul Ball, location: 2F
0-2: Ball
Jim Presley is caught stealing 2nd base 2-6
1-2: Strikes out looking
Top of the 1st over - 0 runs, 0 hits, 1 error, 0 left on base; Wisconsin Rapids 0 - Cedar Rapids 0
BOTTOM OF THE 1ST
Cedar Rapids Cardinals batting - Pitching for Wisconsin Rapids Timber Rattlers : LHP Michael Maack
Pitching: LHP Michael Maack
Batting: RHB Reggie D Williams 0-0: Ball
1-0: Ball
2-0: Ball
3-0: Called Strike
3-1: Base on Balls
Batting: RHB Winston Ficklin 0-0: Ball
1-0: Foul Ball, location: 2F
1-1: Ball
2-1: Fly out, F8 (Flyball, 8RM, EV 96.9 MPH)
Batting: RHB Nehames Bernstine 0-0: Called Strike
0-1: Ball
1-1: Ball
2-1: Ball
3-1: Swinging Strike
3-2: Base on Balls
Reggie D Williams to second
Batting: RHB Ronald Grout 0-0: Called Strike
Reggie D Williams steals 3rd base
Nehames Bernstine to second
0-1: Ball
1-1: DOUBLE (Flyball, 78XD, EV 94.4 MPH)
Reggie D Williams scores
Nehames Bernstine scores
Batting: SHB Steve McAllister 0-0: Foul Ball, location: 2F
0-1: Called Strike
0-2: Ball
1-2: Foul Ball, location: 2F
1-2: Ball
2-2: Reached on error, E6 (Groundball, 6, EV 83.1 MPH)
Ronald Grout to third
Batting: SHB Bryan Hoppie 0-0: Called Strike
0-1: Called Strike
0-2: Ball
1-2: Strikes out swinging
Batting: RHB Dean Kornacker 0-0: Called Strike
0-1: Ball
1-1: Fly out, F9 (Flyball, 9, EV 96.9 MPH)
Bottom of the 1st over - 2 runs, 1 hit, 1 error, 2 left on base; Wisconsin Rapids 0 - Cedar Rapids 2
TOP OF THE 2ND
Wisconsin Rapids Timber Rattlers batting - Pitching for Cedar Rapids Cardinals : RHP Craig Chamberlain
Batting: LHB Greg Smith 0-0: Ball
1-0: DOUBLE (Line Drive, 8RXD, EV 108.8 MPH)
Batting: RHB Barbaro Garbey 0-0: Called Strike
0-1: Ball
1-1: Fly out, F7 (Flyball, 78D, EV 90.0 MPH)
Batting: LHB Matt Hall 0-0: Ball
Greg Smith is caught stealing 3rd base 2-5
1-0: Ball
2-0: Foul Ball, location: 2F
2-1: Fly out, F8 (Flyball, 8LD, EV 103.1 MPH)
Top of the 2nd over - 0 runs, 1 hit, 0 errors, 0 left on base; Wisconsin Rapids 0 - Cedar Rapids 2
BOTTOM OF THE 2ND
Cedar Rapids Cardinals batting - Pitching for Wisconsin Rapids Timber Rattlers : LHP Michael Maack
Batting: RHB Orlando Ramirez 0-0: Ball
1-0: Called Strike
1-1: Foul Ball, location: 2F
1-2: Foul Ball, location: 2F
1-2: Fly out, F8 (Line Drive, 8LD, EV 95.0 MPH)
Batting: SHB Duane Johnson 0-0: Called Strike
0-1: Ball
1-1: Called Strike
1-2: Ball
2-2: Ball
3-2: DOUBLE (Line Drive, 9LS, EV 90.0 MPH)
Batting: RHB Reggie D Williams 0-0: Called Strike
0-1: Ball
1-1: Foul Ball, location: 2F
1-2: SINGLE (Groundball, 6S, EV 65.6 MPH) (infield hit)
Duane Johnson to third
Batting: RHB Winston Ficklin 0-0: Called Strike
Reggie D Williams steals 2nd base
0-1: Foul Ball, location: 2F
0-2: Ball
1-2: Ball
2-2: Ball
3-2: Base on Balls
Batting: RHB Nehames Bernstine 0-0: Ball
1-0: Foul Ball, location: 2F
1-1: Called Strike
1-2: Ball
2-2: Foul Ball, location: 2F
2-2: Strikes out looking
Batting: RHB Ronald Grout 0-0: Swinging Strike
0-1: Called Strike
0-2: Ball
1-2: Ball
2-2: Strikes out swinging
Bottom of the 2nd over - 0 runs, 2 hits, 0 errors, 3 left on base; Wisconsin Rapids 0 - Cedar Rapids 2
TOP OF THE 3RD
Wisconsin Rapids Timber Rattlers batting - Pitching for Cedar Rapids Cardinals : RHP Craig Chamberlain
Batting: RHB Darryl Motley 0-0: Fly out, F9 (Line Drive, 9, EV 93.1 MPH)
Batting: RHB Al Pedrique 0-0: Ball
1-0: Ball
2-0: Ball
3-0: Called Strike
3-1: Foul Ball, location: 2F
3-2: Base on Balls
Batting: RHB David Peterson 0-0: Ball
Al Pedrique steals 2nd, throwing error, E2
Al Pedrique to third
1-0: Ball
2-0: Fly out, F8 (Flyball, 8RD, EV 92.5 MPH)
Runner from 3rd tags up, OUT at HOME! 8-2
Top of the 3rd over - 0 runs, 0 hits, 1 error, 0 left on base; Wisconsin Rapids 0 - Cedar Rapids 2
BOTTOM OF THE 3RD
Cedar Rapids Cardinals batting - Pitching for Wisconsin Rapids Timber Rattlers : LHP Michael Maack
Batting: SHB Steve McAllister 0-0: Ball
1-0: Foul Ball, location: 2F
1-1: Ball
2-1: Ball
3-1: SINGLE (Line Drive, 4MD, EV 106.3 MPH)
Batting: SHB Bryan Hoppie 0-0: Called Strike
0-1: Called Strike
0-2: Ball
1-2: Ball
2-2: Ball
3-2: SINGLE (Line Drive, 8LS, EV 98.8 MPH)
Steve McAllister to second
Runner from 2nd tries for 3rd, SAFE, throw by CF made to third
Batting: RHB Dean Kornacker 0-0: Ball
1-0: Foul Ball, location: 2F
1-1: Swinging Strike
1-2: Fly out, F8 (Flyball, 8RM, EV 97.5 MPH)
Batting: RHB Orlando Ramirez 0-0: Called Strike
0-1: Ball
1-1: Swinging Strike
1-2: Strikes out swinging
Batting: SHB Duane Johnson 0-0: Called Strike
0-1: Ball
1-1: SINGLE (Flyball, 9LS, EV 97.5 MPH)
Steve McAllister scores
Bryan Hoppie to second
Runner from 2nd tries for 3rd, SAFE, throw by RF made to third
Batting: RHB Reggie D Williams 0-0: Foul Ball, location: 2F
0-1: Swinging Strike
0-2: Foul Ball, location: 2F
0-2: Ball
1-2: Ball
2-2: Strikes out swinging
Bottom of the 3rd over - 1 run, 3 hits, 0 errors, 2 left on base; Wisconsin Rapids 0 - Cedar Rapids 3
TOP OF THE 4TH
Wisconsin Rapids Timber Rattlers batting - Pitching for Cedar Rapids Cardinals : RHP Craig Chamberlain
Batting: RHB Tim Pyznarski 0-0: Ball
1-0: SINGLE (Groundball, 56D, EV 103.1 MPH)
Batting: RHB Jim Presley 0-0: Grounds into double play, 6-4-3 (Groundball, 6, EV 84.4 MPH)
Batting: LHB Dion James 0-0: Ball
1-0: Ball
2-0: SINGLE (Groundball, 6MD, EV 104.4 MPH)
Batting: LHB Greg Smith 0-0: Ground out 4-3 (Groundball, 34, EV 98.8 MPH)
Top of the 4th over - 0 runs, 2 hits, 0 errors, 1 left on base; Wisconsin Rapids 0 - Cedar Rapids 3
BOTTOM OF THE 4TH
Cedar Rapids Cardinals batting - Pitching for Wisconsin Rapids Timber Rattlers : LHP Michael Maack
Batting: RHB Winston Ficklin 0-0: Called Strike
0-1: Ball
1-1: Ball
2-1: Ground out 4-3 (Groundball, 4M, EV 98.8 MPH)
Batting: RHB Nehames Bernstine 0-0: Ball
1-0: Ball
2-0: Foul Ball, location: 2F
2-1: Foul Ball, location: 2F
2-2: Fly out, F6 (Line Drive, 6M, EV 88.8 MPH)
Batting: RHB Ronald Grout 0-0: Called Strike
0-1: Fly out, F8 (Flyball, 8RXD, EV 92.5 MPH)
Bottom of the 4th over - 0 runs, 0 hits, 0 errors, 0 left on base; Wisconsin Rapids 0 - Cedar Rapids 3
TOP OF THE 5TH
Wisconsin Rapids Timber Rattlers batting - Pitching for Cedar Rapids Cardinals : RHP Craig Chamberlain
Batting: RHB Barbaro Garbey 0-0: SINGLE (Flyball, 9LS, EV 95.0 MPH)
Batting: LHB Matt Hall 0-0: Bunt missed!
0-1: Bunt missed!
0-2: Foul Ball, location: 2F
0-2: Ball
1-2: Ground out 3-1 (Groundball, 34S, EV 86.9 MPH)
Barbaro Garbey to second
Batting: RHB Darryl Motley 0-0: Ground out 6-3 (Groundball, 6, EV 86.9 MPH)
Batting: RHB Al Pedrique 0-0: Fly out, F9 (Line Drive, 9, EV 103.8 MPH)
Top of the 5th over - 0 runs, 1 hit, 0 errors, 1 left on base; Wisconsin Rapids 0 - Cedar Rapids 3
BOTTOM OF THE 5TH
Cedar Rapids Cardinals batting - Pitching for Wisconsin Rapids Timber Rattlers : LHP Michael Maack
Pitching: RHP Thomas Banducci
Batting: SHB Steve McAllister 0-0: Ball
1-0: Swinging Strike
1-1: DOUBLE (Line Drive, 7LS, EV 96.9 MPH)
Batting: SHB Bryan Hoppie 0-0: Ball
1-0: Foul Ball, location: 2F
1-1: Foul Ball, location: 2F
1-2: Ball
2-2: Foul Ball, location: 2F
2-2: Foul Ball, location: 2F
2-2: Foul Ball, location: 2F
2-2: Ground out 5-3 (Groundball, 56, EV 101.3 MPH)
Batting: RHB Dean Kornacker 0-0: Foul Ball, location: 2F
0-1: Called Strike
0-2: Strikes out looking
Batting: RHB Orlando Ramirez 0-0: Called Strike
0-1: Ground out 6-3 (Groundball, 6, EV 83.8 MPH)
Bottom of the 5th over - 0 runs, 1 hit, 0 errors, 1 left on base; Wisconsin Rapids 0 - Cedar Rapids 3
TOP OF THE 6TH
Wisconsin Rapids Timber Rattlers batting - Pitching for Cedar Rapids Cardinals : RHP Craig Chamberlain
Batting: RHB David Peterson 0-0: Called Strike
0-1: SINGLE (Groundball, 5S, EV 68.8 MPH) (infield hit)
Batting: RHB Tim Pyznarski 0-0: Bunted foul
0-1: Bunted foul
0-2: Ball
1-2: SINGLE (Groundball, 34D, EV 96.3 MPH)
David Peterson to second
Runner from 2nd tries for 3rd, SAFE, no throw by RF
Batting: RHB Jim Presley 0-0: Ball
1-0: Ball
2-0: Fly out, F3 (Popup, 34S, EV 86.9 MPH)
Batting: LHB Dion James 0-0: Foul Ball, location: 2F
0-1: Ball
1-1: Ball
2-1: Fly out, F8 (Flyball, 8RD, EV 104.4 MPH)
Runner from 3rd tags up, SCORES, no throw by CF
Batting: LHB Greg Smith 0-0: Fly out, F5 (Line Drive, 5, EV 65.0 MPH)
Top of the 6th over - 1 run, 2 hits, 0 errors, 1 left on base; Wisconsin Rapids 1 - Cedar Rapids 3
BOTTOM OF THE 6TH
Cedar Rapids Cardinals batting - Pitching for Wisconsin Rapids Timber Rattlers : RHP Thomas Banducci
Batting: SHB Duane Johnson 0-0: Ball
1-0: Ball
2-0: DOUBLE (Line Drive, 78M, EV 100.0 MPH)
Pitching: RHP Steve Korczyk
Batting: RHB Reggie D Williams 0-0: Ball
1-0: Ball
2-0: Called Strike
2-1: Foul Ball, location: 2F
2-2: Foul Ball, location: 2F
2-2: Strikes out swinging
Batting: RHB Winston Ficklin 0-0: Ball
1-0: Called Strike
1-1: Called Strike
1-2: Ball
2-2: Foul Ball, location: 2F
2-2: Strikes out swinging
Batting: RHB Nehames Bernstine 0-0: Ball
1-0: Called Strike
1-1: Ground out 5-3 (Groundball, 56, EV 80.6 MPH)
Bottom of the 6th over - 0 runs, 1 hit, 0 errors, 1 left on base; Wisconsin Rapids 1 - Cedar Rapids 3
TOP OF THE 7TH
Wisconsin Rapids Timber Rattlers batting - Pitching for Cedar Rapids Cardinals : RHP Craig Chamberlain
Batting: RHB Barbaro Garbey 0-0: SINGLE (Groundball, 56D, EV 94.4 MPH)
Batting: LHB Matt Hall 0-0: Fly out, F6 (Popup, 6MS, EV 65.6 MPH)
Batting: RHB Darryl Motley 0-0: Called Strike
0-1: Called Strike
0-2: Strikes out looking
Batting: RHB Al Pedrique 0-0: Ball
1-0: Called Strike
1-1: SINGLE (Flyball, 3D, EV 95.0 MPH)
Barbaro Garbey to second
Throwing error, E9
Barbaro Garbey scores
Al Pedrique to second
Batting: RHB David Peterson 0-0: Called Strike
0-1: Foul Ball, location: 2F
0-2: SINGLE (Line Drive, 89M, EV 102.5 MPH)
Al Pedrique to third
Runner from 3rd tries for Home, SAFE, throw by RF to home
Batting: RHB Tim Pyznarski 0-0: Ball
1-0: Foul Ball, location: 2F
1-1: Fly out, F9 (Flyball, 89S, EV 92.5 MPH)
Top of the 7th over - 2 runs, 3 hits, 1 error, 1 left on base; Wisconsin Rapids 3 - Cedar Rapids 3
BOTTOM OF THE 7TH
Cedar Rapids Cardinals batting - Pitching for Wisconsin Rapids Timber Rattlers : RHP Steve Korczyk
Batting: RHB Ronald Grout 0-0: Foul Ball, location: 2F
0-1: Ball
1-1: SINGLE (Line Drive, 8LS, EV 105.6 MPH)
Batting: SHB Steve McAllister 0-0: Ball
1-0: Called Strike
1-1: Foul Ball, location: 2F
1-2: Foul Ball, location: 2F
1-2: Foul Ball, location: 2F
1-2: SINGLE (Line Drive, 78S, EV 100.0 MPH)
Ronald Grout to second
Batting: SHB Bryan Hoppie 0-0: Ball
1-0: Ball
2-0: Ball
Wild Pitch!
Ronald Grout to third
Steve McAllister to second
3-0: Base on Balls
Batting: RHB Dean Kornacker 0-0: Ball
1-0: Ball
2-0: Ball
3-0: Foul Ball, location: 2F
3-1: Base on Balls
Ronald Grout scores
Steve McAllister to third
Bryan Hoppie to second
Batting: RHB Orlando Ramirez 0-0: Ball
1-0: Ball
2-0: Called Strike
2-1: Ball
3-1: Base on Balls
Steve McAllister scores
Bryan Hoppie to third
Dean Kornacker to second
Pitching: RHP Jim Winn
Batting: SHB Duane Johnson 0-0: Ball
1-0: Ball
2-0: Called Strike
2-1: Ball
3-1: Grounds into fielders choice 5-2 (Groundball, 5, EV 84.4 MPH)
Dean Kornacker to third
Orlando Ramirez to second
Batting: RHB Reggie D Williams 0-0: Called Strike
0-1: Grounds into fielders choice 5-2 (Groundball, 56S, EV 86.3 MPH)
Orlando Ramirez to third
Duane Johnson to second
Batting: RHB Winston Ficklin 0-0: Ball
1-0: Ball
2-0: Called Strike
2-1: Ball
3-1: Fly out, F8 (Line Drive, 8RD, EV 101.3 MPH)
Bottom of the 7th over - 2 runs, 2 hits, 0 errors, 3 left on base; Wisconsin Rapids 3 - Cedar Rapids 5
TOP OF THE 8TH
Wisconsin Rapids Timber Rattlers batting - Pitching for Cedar Rapids Cardinals : RHP Craig Chamberlain
Batting: RHB Jim Presley 0-0: Swinging Strike
0-1: Ball
1-1: DOUBLE (Flyball, 78D, EV 95.0 MPH)
Batting: LHB Dion James 0-0: Called Strike
0-1: Ball
1-1: Ball
2-1: Swinging Strike
2-2: SINGLE (Flyball, 6D, EV 93.1 MPH)
Jim Presley to third
Batting: LHB Greg Smith 0-0: Called Strike
0-1: Foul Ball, location: 2F
0-2: Ball
1-2: Foul Ball, location: 2F
1-2: Ball
2-2: SINGLE (Line Drive, 8LM, EV 90.6 MPH)
Jim Presley scores
Dion James to second
Batting: RHB Barbaro Garbey 0-0: Ball
1-0: Ball
2-0: Called Strike
2-1: Ball
3-1: Fly out, F6 (Popup, P, EV 80.6 MPH)
Batting: LHB Matt Hall 0-0: Swinging Strike
0-1: Ball
1-1: Fly out, F9 (Line Drive, 9, EV 88.8 MPH)
Batting: RHB Darryl Motley 0-0: Ball
1-0: Swinging Strike
1-1: Foul Ball, location: 2F
1-2: Fly out, F7 (Flyball, 7LM, EV 96.9 MPH)
Top of the 8th over - 1 run, 3 hits, 0 errors, 2 left on base; Wisconsin Rapids 4 - Cedar Rapids 5
BOTTOM OF THE 8TH
Cedar Rapids Cardinals batting - Pitching for Wisconsin Rapids Timber Rattlers : RHP Jim Winn
Batting: RHB Nehames Bernstine 0-0: Swinging Strike
0-1: Foul Ball, location: 2F
0-2: Ball
1-2: Ball
2-2: Ground out 6-3 (Groundball, P, EV 87.5 MPH)
Batting: RHB Ronald Grout 0-0: Called Strike
0-1: Swinging Strike
0-2: Ball
1-2: Strikes out swinging
Batting: SHB Steve McAllister 0-0: Foul Ball, location: 2F
0-1: Ball
1-1: Foul Ball, location: 2F
1-2: Ball
2-2: SINGLE (Line Drive, 8LS, EV 97.5 MPH)
Batting: SHB Bryan Hoppie 0-0: Swinging Strike
0-1: Ground out 4-3 (Groundball, 4, EV 103.1 MPH)
Bottom of the 8th over - 0 runs, 1 hit, 0 errors, 1 left on base; Wisconsin Rapids 4 - Cedar Rapids 5
TOP OF THE 9TH
Wisconsin Rapids Timber Rattlers batting - Pitching for Cedar Rapids Cardinals : RHP Craig Chamberlain
Pitching: RHP Jeffrey Musser
Batting: RHB Al Pedrique 0-0: Ball
1-0: Called Strike
1-1: Swinging Strike
1-2: Ball
2-2: Foul Ball, location: 2F
2-2: Foul Ball, location: 2F
2-2: Ball
3-2: Base on Balls
Batting: RHB David Peterson 0-0: Bunted foul
0-1: Ball
1-1: Bunted foul
1-2: Fielders Choice at 2nd, 6-4 (Groundball, 56, EV 98.8 MPH)
Batting: RHB Tim Pyznarski 0-0: Foul Ball, location: 2F
0-1: Called Strike
0-2: Foul Ball, location: 2F
0-2: Ball
1-2: Strikes out swinging
Batting: RHB Jim Presley 0-0: Ball
1-0: Ball
2-0: Fly out, F8 (Line Drive, 8RD, EV 91.3 MPH)
Top of the 9th over - 0 runs, 0 hits, 0 errors, 1 left on base; Wisconsin Rapids 4 - Cedar Rapids 5
Thursday, August 20th, 2020 - OOTP Baseball 21.5 Build 76